 Dungeon Crawl Stone Soup version 0.20-a0-920-gb18bc0f (webtiles) character file.

660 polly the Ruffian (level 7, 0/51 HPs)
             Began as a Demonspawn Gladiator on Mar 25, 2017.
             Was an Initiate of Gozag.
             Slain by a killer bee (4 damage)
             ... on level 8 of the Dungeon.
             The game lasted 00:07:12 (3918 turns).

polly the Ruffian (Demonspawn Gladiator)            Turns: 3918, Time: 00:07:13

Health: 0/51       AC: 13    Str: 17    XL:     7   Next: 30%
Magic:  0/7        EV:  8    Int: 14    God:    Gozag
Gold:   350        SH:  0    Dex: 14    Spells: 6/6 levels left

rFire    + . .     SeeInvis .     - Unarmed
rCold    . . .     Gourm    .   (no shield)
rNeg     . . .     Faith    .   h - +0 chain mail
rPois    .         Spirit   +   b - +0 helmet
rElec    .         Reflect  .   i - +2 cloak
rCorr    .         Harm     .   (no gloves)
MR       .....                  (no boots)
Stlth    ..........             (no amulet)
Regen    0.2/turn               (no ring)
MPRegen  0.1/turn               (no ring)

@: brilliant, lethally poisoned (0 -> -2), flying, drained
A: claws 2, fire resistance 1, magic shield
a: Potion Petition, Call Merchant, Bribe Branch, Renounce Religion


You were on level 8 of the Dungeon.
You worshipped Gozag.
Gozag was aware of your devotion.
You were not hungry.

You visited 1 branch of the dungeon, and saw 7 of its levels.

You collected 378 gold pieces.
You paid 28 gold pieces to Gozag.

Inventory:

Missiles
 c - 4 throwing nets (quivered)
Armour
 b - a +0 helmet (worn)
 h - a +0 chain mail (worn)
 i - a +2 cloak (worn)
Jewellery
 t - an uncursed ring of flight {unknown}
Scrolls
 e - a scroll of recharging {unknown}
 g - 6 scrolls of identify {unknown}
 j - 4 scrolls of teleportation {unknown}
 l - a scroll of immolation {unknown}
 n - 2 scrolls of fog {unknown}
 o - 2 scrolls of magic mapping {unknown}
 p - a scroll of remove curse {unknown}
 v - 2 scrolls of random uselessness {unknown}
Potions
 a - a potion of lignification
 f - a potion of cancellation
 k - a potion of brilliance
 r - a potion of agility
 s - a potion of degeneration {unknown}
 u - a potion of might {unknown}
Comestibles
 d - 2 bread rations
 m - 2 meat rations


   Skills:
 + Level 2.3(1.8) Fighting
 + Level 1.8(1.3) Throwing
 + Level 3.1(2.6) Armour
 + Level 3.6(3.0) Dodging
 * Level 6.4(5.8) Unarmed Combat


You had 6 spell levels left.
You didn't know any spells.

Dungeon Overview and Level Annotations

Branches:
Dungeon (8/15)
 Temple: D:4-7         Lair: D:8-11

Altars:
Ashenzari
Elyvilon
Gozag
Kikubaaqudgha
Qazlal
Ru
Uskayaw
Xom


Innate Abilities, Weirdness & Mutations

You have very sharp fingernails.
Your flesh is heat resistant. (rF+)
When hurt, damage is shared between your health and your magic reserves.


Message History

You are more poisoned.
The killer bee poisons you!
It was a potion of brilliance.
You feel clever all of a sudden.
You feel sick. The killer bee stings you.
* * * LOW HITPOINT WARNING * * *
The hound barely misses you. The killer bee barely misses you.
The hound closely misses you.
It was a potion of flight.
You feel very buoyant.
You fly up into the air.
The killer bee barely misses you. The hound bites you but does no damage.
The killer bee closely misses you.
You feel sick.
The killer bee stings you but does no damage.
The hound bites you but does no damage. The killer bee misses you.
You feel sick. The hound bites you but does no damage.
The killer bee stings you.
You die...
Your body crumbles into a pile of gold.

#............#..#
##
#...........$+..#
#.
#............#..#
#. #............#
##
##....####.....
#....# ......
#..YF# ......
#..yh+ .... ...#
#...@# ....
#....# ....
#..... ....
#...... .>..
#....... ....
#........ ...#
########## +##


You could see an ice beast, a bullfrog, a hound and a killer bee.

Vanquished Creatures
  The ghost of Psyclone the Firebug, an amateur DEFE (D:3)
  A scorpion (D:5)
  A howler monkey (D:4)
  3 orc priests
  3 orc wizards
  2 iguanas
  3 worker ants
  A hound skeleton (D:5)
  4 gnolls (D:5)
  5 adders
  An ooze (D:3)
  An adder skeleton (D:5)
  3 worms
  A dart slug (D:1)
  A leopard gecko (D:4)
  20 orcs
  3 ball pythons
  7 bats
  4 giant cockroaches
  7 goblins
  10 hobgoblins
  7 kobolds
  A quokka (D:3)
  2 ball python zombies (D:5)
  6 frilled lizards
  A quokka skeleton (D:4)
  A rat (D:2)
100 creatures vanquished.

Vanquished Creatures (others)
  A goblin (D:1)
1 creature vanquished.

Grand Total: 101 creatures vanquished

Notes
Turn   | Place    | Note
-------+----------+-------------------------------------------
     0 | D:1      | polly the Demonspawn Gladiator began the quest for the Orb.
     0 | D:1      | Reached XP level 1. HP: 16/16 MP: 1/1
   194 | D:1      | Gained mutation: Your flesh is heat resistant. (rF+) [demonic ancestry]
   194 | D:1      | Reached XP level 2. HP: 21/22 MP: 2/2
   272 | D:1      | Reached skill level 3 in Unarmed Combat
   847 | D:2      | Reached XP level 3. HP: 23/27 MP: 3/3
   889 | D:2      | Found an ancient bone altar of Kikubaaqudgha.
  1149 | D:2      | Found a shattered altar of Ashenzari.
  1151 | D:2      | Found a sacrificial altar of Ru.
  1153 | D:2      | Found a shimmering altar of Xom.
  1175 | D:2      | Found a stormy altar of Qazlal.
  1275 | D:2      | Found a hide-covered altar of Uskayaw.
  1446 | D:3      | Noticed Psyclone's ghost (amateur DEFE)
  1450 | D:3      | Reached skill level 1 in Armour
  1450 | D:3      | Reached XP level 4. HP: 24/33 MP: 4/4
  1733 | D:3      | Killed Psyclone's ghost
  1733 | D:3      | Reached skill level 4 in Unarmed Combat
  1733 | D:3      | Gained mutation: You have sharp fingernails. [demonic ancestry]
  1733 | D:3      | Reached XP level 5. HP: 35/38 MP: 5/5
  2574 | D:4      | Found an opulent altar of Gozag.
  2654 | D:4      | Reached skill level 5 in Unarmed Combat
  2662 | D:4      | Gained mutation: You have very sharp fingernails. [demonic ancestry]
  2662 | D:4      | Reached XP level 6. HP: 37/45 MP: 6/6
  2838 | D:4      | Became a worshipper of Gozag Ym Sagoz the Greedy
  3067 | D:5      | Entered Level 5 of the Dungeon
  3457 | D:5      | Reached skill level 6 in Unarmed Combat
  3468 | D:5      | Gained mutation: When hurt, damage is shared between your health and your magic reserves. [demonic ancestry]
  3468 | D:5      | Reached XP level 7. HP: 42/51 MP: 7/7
  3509 | D:5      | Found a white marble altar of Elyvilon.
  3821 | D:5      | You fall through a shaft for 3 floors!
  3918 | D:8      | Slain by a killer bee

Vault maps used:
D:1:      shiori_arrival_oz
D:2:      old_standard_altar, nicolae_overflow_hidden_temple,
          nicolae_overflow_quartered_altars, first_bread
D:4:      grunt_gozag_statues, hangedman_abyss_or_decor_lesser_grid,
          minmay_close_crescents
D:5:      lemuel_ice_spiral_2, old_standard_altar
D:7:      lemuel_crystal_altar, minmay_temple_entry_glassed_door, serial_shops,
          shop, shop, uniq_prince_ribbit1, uniq_crazy_yiuf_cottage
D:8:      serial_shops, shop

Skill      XL: |  1  2  3  4  5  6  7 |
---------------+----------------------+-----
Unarmed Combat | 3 4 5 6 |  6.4
Dodging        | 3 |  3.6
Armour         | 1 2 3 |  3.1
Fighting       | |  2.3
Throwing       | |  1.8

Action                   |  1- 3 |  4- 6 |  7- 9 || total
-------------------------+-------+-------+-------++-------
Melee: Unarmed           |   174 |   190 |    46 ||   410
       Punch             |     3 |     2 |     2 ||     7
  Use: Potion            |       |     5 |     2 ||     7
  Eat: Chunk             |     1 |     4 |       ||     5
       Royal jelly       |       |     1 |       ||     1
       Bread ration      |       |       |     1 ||     1
Armor: Leather armour    |     8 |       |       ||     8
       Chain mail        |   108 |   105 |    48 ||   261
       Skin              |       |    19 |       ||    19
Dodge: Dodged            |    78 |    73 |    29 ||   180
